Map: At Eternity's Edge LE

Players

SourCookies

  • Race: Terran Terran
  • League: Master

A.I. 2 (Very Easy) - Winner!

  • Race: Zerg Zerg

VOD

Have the link to the VOD?

Description

Time

  • Played on: Oct. 18, 2026, 1:15 p.m.
  • Length: 10:01
Show
View Real Time Build Order
Export as new Build Order

SourCookies Terran 

Build Orders: Reaper Expand, Hellion Banshee 

Get SALT Encoding   

  12  0:00  SCV  
  13  0:12  SCV  
  14  0:17  Supply Depot  
  14  0:24  SCV  
  15  0:39  SCV  
  15  0:41  Barracks  
  16  0:45  Refinery  
  16  0:51  SCV  
  17  1:03  SCV  
  18  1:15  SCV  
  19  1:29  Reaper, Orbital Command  
  20  1:42  Command Center  
  20  1:53  Supply Depot  
  20  1:57  SCV  
  21  2:02  Marine  
  22  2:09  SCV  
  23  2:20  Factory  
  24  2:22  SCV  
  24  2:25  Barracks Reactor  
  24  2:35  SCV  
  25  2:42  Command Center  
  25  2:47  SCV  
  26  2:56  Orbital Command  
  26  2:59  SCV  
  27  3:06  Starport  
  27  3:11  SCV, Hellion x2  
  32  3:18  Barracks Tech Lab  
  32  3:22  Refinery  
  32  3:23  SCV  
  32  3:26  SCV  
  34  3:32  Supply Depot  
  34  3:33  Hellion  
  35  3:35  SCV  
  35  3:36  Hellion  
  35  3:38  SCV  
  39  3:48  Banshee  
  39  3:50  SCV x2  
  46  3:55  Hellion  
  46  3:57  Hellion  
  46  4:02  SCV  
  49  4:03  SCV, Supply Depot  
  49  4:05  Barracks Tech Lab  
  49  4:08  Orbital Command  
  50  4:14  SCV  
  50  4:15  SCV  
  52  4:26  SCV  
  52  4:27  SCV, Barracks  
  52  4:29  Barracks, Factory Reactor  
  54  4:34  Banshee  
  54  4:37  SCV  
  58  4:38  SCV  
  58  4:41  SCV  
  58  4:45  Engineering Bay x2  
  60  4:48  Refinery  
  60  4:49  SCV  
  60  4:51  Stimpack, Refinery  
  61  5:03  SCV x2  
  61  5:04  SCV  
  64  5:16  SCV x2  
  64  5:17  Marine  
  67  5:25  Orbital Command  
  67  5:26  Terran Infantry Weapons Level 1, Terran Infantry Armor Level 1  
  67  5:27  Starport Reactor, Barracks  
  67  5:28  SCV x2, Marine x4  
  71  5:32  Supply Depot x2, Barracks  
  71  5:34  Marine  
  74  5:37  Siege Tank  
  74  5:40  SCV  
  78  5:46  Marine x2  
  78  5:49  SCV  
  81  5:52  SCV  
  81  5:56  SCV  
  83  6:01  SCV  
  84  6:04  SCV  
  84  6:08  SCV  
  84  6:10  Supply Depot  
  86  6:12  Supply Depot  
  86  6:14  SCV  
  86  6:16  SCV  
  88  6:29  SCV x3  
  91  6:35  Supply Depot  
  91  6:36  Marine x2  
  91  6:37  Marine x3, Supply Depot  
  91  6:38  Barracks Reactor x2  
  91  6:39  Medivac  
  98  6:40  Medivac, Combat Shield  
  98  6:41  SCV x2  
  98  6:44  Armory, Factory  
  102  6:53  SCV x2  
  104  6:54  Marine x4  
  104  6:58  Command Center  
  108  7:09  SCV x2  
  108  7:10  SCV  
  111  7:21  SCV  
  112  7:23  SCV x2  
  114  7:33  Factory Reactor  
  114  7:34  SCV  
  114  7:35  SCV, Terran Vehicle Weapons Level 1  
  110  7:49  Siege Tank  
  113  7:55  Refinery  
  113  7:57  Refinery  
  113  8:07  Marine x4  
  113  8:08  Marine x3  
  120  8:21  Siege Tank  
  123  8:44  Marine x4  
  123  8:45  Marine x5  
  132  9:02  Marine  
  133  9:42  Marine x8  
  133  9:43  Marine  
Show
View Real Time Build Order
Export as new Build Order

A.I. 2 (Very Easy) Zerg - Winner!

Build Orders: Hatch First 

Get SALT Encoding   

  12  0:01  Drone  
  13  0:12  Overlord  
  13  0:16  Drone  
  14  0:42  Hatchery  
  13  0:43  Drone  
  14  1:01  Spawning Pool  
  14  1:03  Extractor  
  12  1:05  Drone  
  13  1:12  Drone  
  14  1:18  Overlord  
  14  1:48  Queen, Zergling x2  
  14  1:50  Zergling x2  
  18  1:58  Roach Warren  
  17  2:06  Drone  
  18  2:09  Extractor  
  18  2:13  Drone  
  18  2:17  Zergling x2  
  18  2:21  Drone  
  20  2:29  Drone  
  21  2:36  Drone  
  22  2:43  Drone  
  23  2:50  Drone  
  24  2:57  Drone  
  25  3:04  Drone  
  25  3:05  Roach  
  28  3:11  Overlord  
  28  3:15  Drone  
  29  3:22  Drone  
  30  3:29  Drone  
  31  3:36  Drone  
  32  3:43  Drone  
  32  3:46  Overlord  
  33  3:51  Drone  
  33  3:53  Roach  
  36  3:55  Lair  
  36  3:58  Drone  
  37  4:06  Drone  
  38  4:13  Drone  
  36  4:20  Drone  
  37  4:27  Drone  
  38  4:34  Drone  
  39  4:41  Roach, Drone  
  39  4:43  Overlord  
  42  4:49  Drone  
  43  4:53  Overseer  
  43  4:56  Drone, Overseer  
  44  5:01  Extractor  
  44  5:03  Drone, Extractor  
  43  5:10  Drone  
  44  5:17  Drone  
  45  5:24  Drone  
  46  5:29  Zergling x2  
  46  5:31  Drone  
  48  5:39  Drone  
  49  6:17  Roach  
Tags
 
Add a new tag
Caveats
  • Supply blocks, unpowered buildings, or Contaminate may cause inaccurate times.
  • Supply counts are checked every 10 seconds.